 Dungeon Crawl Stone Soup version 0.26.0-9-gab577f9fc5 (webtiles) character file.

Game seed: 8050097790223269627

1705804 EnegeticOcto the Warrior (level 26, 219/219 HPs)
             Began as a Human Enchanter on Jan 13, 2021.
             Was an Initiate of Gozag.
             Escaped with the Orb
             ... and 3 runes!
             The game lasted 02:00:04 (60821 turns).

EnegeticOcto the Warrior (Human Enchanter)         Turns: 60821, Time: 02:00:05

Health: 219/219    AC: 41    Str: 17    XL:     26   Next: 57%
Magic:  30/30      EV: 17    Int: 15    God:    Gozag
Gold:   11849      SH: 16    Dex: 22    Spells: 29/35 levels left

rFire    + + .     SeeInvis +   b - +7 broad axe (vorpal)
rCold    + + .     Faith    .   O - +2 shield of Resistance {rF++ rC++ Will++}
rNeg     + . .     Spirit   .   T - +10 pearl dragon scales
rPois    .         Reflect  .   S - +2 helmet {SInv}
rElec    .         Harm     .   z - +2 cloak
rCorr    +         Rampage  .   L - +2 pair of gloves
Will     +++..                  (no boots)
Stlth    +.........             N - amulet of regeneration
HPRegen  0.86/turn              g - ring "Caqiuwif" {rCorr Dex+4}
MPRegen  0.22/turn              t - +4 ring of protection {=R}

@: no status effects
A: no striking features
0: Orb of Zot
}: 3/15 runes: serpentine, barnacled, silver
a: Renounce Religion, Potion Petition, Call Merchant, Bribe Branch


You escaped.
You worshipped Gozag.
Gozag was extremely pleased with you.
You visited 8 branches of the dungeon, and saw 46 of its levels.
You visited 1 bazaar.
You also visited: Ossuary, Bailey, Ice Cave and Volcano.

You collected 26433 gold pieces.
You spent 1959 gold pieces at shops.
You paid 12625 gold pieces to Gozag.

Inventory:

Hand Weapons
 b - a +7 vorpal broad axe (weapon)
   (You found it on level 2 of the Snake Pit)
 F - a +3 war axe of distortion
   (You found it on level 5 of the Vaults)
Missiles
 j - 72 silver javelins
 l - 6 datura-tipped darts
 P - 8 throwing nets {!f}
 W - 20 curare-tipped darts
 X - 63 boomerangs (quivered)
 Y - 57 javelins
Armour
 z - a +2 cloak (worn)
   (You found it on level 2 of the Vaults)
 L - a +2 pair of gloves (worn)
   (You found it on level 15 of the Dungeon)
 O - the +2 shield of Resistance (worn) {rF++ rC++ Will++}
   (You found it on level 11 of the Dungeon)

   It greatly protects you from fire.
   It greatly protects you from cold.
   It affects your willpower, your defense against some magical effects.
 S - a +2 helmet of see invisible (worn)
   (You found it on level 5 of the Vaults)
 T - +10 pearl dragon scales (worn)
   (You found it on level 10 of the Dungeon)
Jewellery
 g - the ring "Caqiuwif" (left hand) {rCorr Dex+4}
   (You found it on level 4 of the Vaults)

   [ring of resist corrosion]

   It affects your dexterity (+4).
   It provides partial protection from all sources of acid and corrosion.
 t - a +4 ring of protection (right hand) {=R}
   (You found it on level 5 of the Dungeon)
 N - an amulet of regeneration (around neck)
   (You found it on level 1 of the Lair of Beasts)
 V - the ring "Zasyibycs" {rPois Int-4}
   (You found it on level 3 of the Lair of Beasts)

   [ring of intelligence]

   It affects your intelligence (-4).
   It protects you from poison.
Wands
 n - a wand of polymorph (40)
   (You found it on level 8 of the Dungeon)
 o - a wand of iceblast (29) {@v2}
   (You bought it in a shop in a bazaar)
 q - a wand of acid (16) {@v1}
   (You found it on level 2 of the Dungeon)
 r - a wand of enslavement (6)
   (You found it on level 6 of the Lair of Beasts)
 s - a wand of digging (4) {@v3}
   (You bought it in a shop in a bazaar)
 A - a wand of paralysis (31)
   (You found it on level 4 of the Lair of Beasts)
 C - a wand of random effects (120)
   (You found it on level 6 of the Dungeon)
Scrolls
 c - 4 scrolls of immolation
 e - a scroll of silence
 i - 17 scrolls of teleportation {@r3 !r}
 w - 3 scrolls of holy word
 y - 9 scrolls of blinking {@r4}
 B - 10 scrolls of fear {!r}
 D - 5 scrolls of fog {!r}
 M - a scroll of enchant armour
 Z - 16 scrolls of identify {@r1}
Potions
 f - 10 potions of lignification {@q6}
 h - 20 potions of curing {@q1 !q}
 k - 3 potions of cancellation
 m - 7 potions of attraction
 u - 2 potions of invisibility
 v - 3 potions of mutation
 x - 6 potions of ambrosia
 E - 6 potions of magic
 G - a potion of resistance
 H - 3 potions of berserk rage
 I - 3 potions of haste {@q4 !q}
 J - 2 potions of might {@q3 !q}
 R - 5 potions of heal wounds {@q2 !q}
Miscellaneous
 a - a tin of tremorstones (2/2)
   (You found it on level 5 of the Vaults)
 d - a condenser vane (inert)
   (You found it on level 3 of the Lair of Beasts)
 p - a phantom mirror
   (You found it on level 2 of the Shoals)
 Q - a lightning rod (4/4)
   (You found it on level 4 of the Lair of Beasts)
 U - a box of beasts
   (You found it on level 5 of the Vaults)


   Skills:
 + Level 20.5 Fighting
 - Level 2.0 Short Blades
 - Level 19.7(20.0) Axes
 - Level 5.6(14.3) Maces & Flails
 - Level 16.0 Throwing
 + Level 14.8 Armour
 - Level 10.0 Dodging
 - Level 3.0 Stealth
 - Level 15.0 Shields
 - Level 5.0 Spellcasting
 - Level 3.7 Hexes
 - Level 6.0 Translocations
 - Level 3.0 Ice Magic
 - Level 15.0 Evocations


You had 29 spell levels left.
You knew the following spells:

 Your Spells              Type           Power        Failure   Level
a - Apportation           Tloc           42%          3%          1
b - Ensorcelled Hibernat  Hex/Ice        26%          17%         2
c - Corona                Hex            15%          10%         1
Y - Blink                 Tloc           N/A          6%          2

Your spell library contained the following spells:

 Spells                   Type           Power        Failure   Level
 Gell's Gravitas          Tloc           10%          12%         3
 Teleport Other           Tloc           21%          12%         3
 Freeze                   Ice            48%          13%         1
 Slow                     Hex            14%          16%         2
 Portal Projectile        Hex/Tloc       36%          19%         3
 Confusing Touch          Hex            14%          30%         3
 Tukima's Dance           Hex            14%          30%         3
 Frozen Ramparts          Ice            24%          36%         3
 Ozocubu's Armour         Ice            12%          36%         3
 Animate Skeleton         Necr           6%           41%         1
 Beastly Appendage        Tmut           6%           41%         1
 Magic Dart               Conj           12%          41%         1
 Sting                    Tmut/Pois      12%          41%         1
 Summon Small Mammal      Summ           12%          41%         1
 Dazzling Flash           Conj/Hex       18%          54%         3
 Inner Flame              Hex/Fire       9%           54%         3
 Summon Guardian Golem    Hex/Summ       9%           54%         3
 Call Imp                 Summ           3%           56%         2
 Passwall                 Tmut/Erth      2%           56%         2
 Poisonous Vapours        Pois/Air       6%           56%         2
 Searing Ray              Conj           6%           56%         2
 Cause Fear               Hex            7%           69%         4
 Iskenderun's Mystic Bla  Conj/Tloc      12%          78%         4
 Conjure Flame            Conj/Fire      3%           80%         3
 Ignite Poison            Fire/Tmut/Pois 3%           80%         3
 Mephitic Cloud           Conj/Pois/Air  3%           80%         3
 Static Discharge         Conj/Air       3%           80%         3
 Fulminant Prism          Conj/Hex       4%           91%         4
 Leda's Liquefaction      Hex/Erth       4%           91%         4
 Hailstorm                Conj/Ice       8%           94%         4
 Ice Form                 Ice/Tmut       8%           94%         4
 Summon Ice Beast         Ice/Summ       8%           94%         4
 Metabolic Englaciation   Hex/Ice        6%           97%         5
 Summon Forest            Summ/Tloc      6%           98%         5
 Olgreb's Toxic Radiance  Pois           3%           99%         4
 Petrify                  Tmut/Erth      3%           99%         4
 Summon Lightning Spire   Summ/Air       3%           99%         4
 Silence                  Hex/Air        4%           99%         5
 Summon Mana Viper        Hex/Summ       9%           99%         5
 Yara's Violent Unravell  Hex/Tmut       4%           99%         5
 Dispersal                Tloc           10%          99%         6
 Bolt of Magma            Conj/Fire/Erth 1%           100%        5
 Irradiate                Conj/Tmut      1%           100%        5
 Lightning Bolt           Conj/Air       1%           100%        5
 Summon Demon             Summ           1%           100%        5
 Conjure Ball Lightning   Conj/Air       1%           100%        6
 Freezing Cloud           Conj/Ice/Air   3%           100%        6
 Hydra Form               Tmut           1%           100%        6
 Invisibility             Hex            14%          100%        6
 Iron Shot                Conj/Erth      1%           100%        6
 Ozocubu's Refrigeration  Ice            6%           100%        6
 Shadow Creatures         Summ           N/A          100%        6
 Simulacrum               Ice/Necr       4%           100%        6
 Starburst                Conj/Fire      1%           100%        6
 Statue Form              Tmut/Erth      2%           100%        6
 Dragon Form              Tmut           1%           100%        7
 Summon Hydra             Summ           1%           100%        7
 Discord                  Hex            7%           100%        8
 Ignition                 Fire           1%           100%        8
 Shatter                  Erth           1%           100%        9
 Tornado                  Air            1%           100%        9


Dungeon Overview and Level Annotations

Branches:
Dungeon (15/15)            Temple (0/1) D:5            Lair (6/6) D:8
 Shoals (4/4) Lair:3        Snake (4/4) Lair:4        Slime (0/5) Lair:6
    Orc (2/2) D:11            Elf (0/3) Orc:2        Vaults (5/5) D:14
  Crypt (0/3) Vaults:2     Depths (5/5) D:15            Zot (5/5) Depths:5
Ossuary (visited)          Bailey (visited)           IceCv (visited)
Volcano (visited)

Altars:
Ashenzari
Cheibriados
Gozag
Kikubaaqudgha
Makhleb
Nemelex Xobeh
Okawaru
Vehumet
Xom
Yredelemnul
Beogh
Jiyva

Shops:
D:5 *   D:8 (   D:12 [   D:13 (   Orc:1 *   Orc:2 ?:**   Shoals:4 (!
Vaults:1 (   Vaults:3 *   Vaults:4 :

Portals:
Hell: Depths:1 Depths:2 Depths:3 Depths:4 Depths:5
Abyss: Depths:4
Pandemonium: Depths:1 Depths:3
Ziggurat: Depths:2

Annotations:
D:3 3 runed translucent doors, rabbi's ghost, weakling TrMo
D:9 1 runed translucent door, rabbi's ghost, novice TrMo
Lair:1 exclusion: 3 oklob plants
Lair:2 2 transporters, Cykl0x's ghost, journeyman FoFi
Lair:6 1 exclusion
Snake:1 1 transporter
Orc:2 2 runed translucent doors, exclusion: orange crystal statue
Depths:4 exclusion: door
Zot:3 15 runed doors
Zot:5 1 exclusion


Message History

There is a stone staircase leading down here.
There is a stone staircase leading up here.
You climb upwards.
There is a stone staircase leading down here.
There is an open door here.
There is a stone staircase leading up here.
You climb upwards.
There is a stone staircase leading down here.
HP restored.
An Ice Fiend comes into view.
There is a stone staircase leading up here.
(D) Dungeon (T) Temple (L) Lair (A) Shoals (P) Snake Pit (M) Slime Pits (O) Orcish Mines (E) Elven Halls (V) Vaults (C) Crypt (U) Depths (H) Hell (Z) Zot
Where to? (Enter - D:1 @ (x,y), ? - help)
An Ice Fiend is nearby!
The Ice Fiend gestures at you. The bolt of cold hits you. You resist.
There is a stone staircase leading up here.
You climb upwards.
There is a stone staircase leading down, spattered with blood here.
(D) Dungeon (T) Temple (L) Lair (A) Shoals (P) Snake Pit (M) Slime Pits (O) Orcish Mines (E) Elven Halls (V) Vaults (C) Crypt (U) Depths (H) Hell (Z) Zot
Where to? (Enter - D:1 @ (x,y), ? - help)
You see here a +0 dagger.
HP restored.
You see here a trident.
There is a stone staircase leading up here.
You climb upwards.
Level annotation: 1 runed translucent door, rabbi's ghost, novice TrMo
There is a stone staircase leading down here.
A pandemonium lord and 3 liches come into view.
Press: ? - help, v - describe, . - travel
Here: Econyopt The floor.
The lich shouts!
The lich gestures at you while chanting.
The bolt of fire misses you.
Blink to where?
Press: ? - help, Dir - move target
As you read the scroll of blinking {@r4}, it crumbles to dust.
You climb upwards.
A ynoxinul comes into view.
There is a stone staircase leading down here.
Unknown command.
Evoke which item? (* to show all) (? for menu, Esc to quit)
Aiming: Dig
Press: ? - help, Shift-Dir - straight line A rock wall.
This square is covered in magical glow.
The rock shatters into small pieces.
There is a stone staircase leading up here.
You climb upwards.
There is a stone staircase leading down here.
(D) Dungeon (T) Temple (L) Lair (A) Shoals (P) Snake Pit (M) Slime Pits (O) Orcish Mines (E) Elven Halls (V) Vaults (C) Crypt (U) Depths (H) Hell (Z) Zot
Where to? (Enter - D:1 @ (x,y), ? - help)
There is a stone staircase leading up here.
You climb upwards.
There is a stone staircase leading down here.
There is a stone staircase leading up here.
You climb upwards.
There is a stone staircase leading down here.
Things that are here:
a +0 ring mail; a +0 hand axe
There is a stone staircase leading up here.
You climb upwards.
There is a stone staircase leading down here.
An Orb Guardian comes into view.
The Orb Guardian moves out of view.
(D) Dungeon (T) Temple (L) Lair (A) Shoals (P) Snake Pit (M) Slime Pits (O) Orcish Mines (E) Elven Halls (V) Vaults (C) Crypt (U) Depths (H) Hell (Z) Zot
Where to? (Enter - D:1 @ (x,y), ? - help)
An Orb Guardian is nearby!
There is a stone staircase leading up here.
You climb upwards.
Level annotation: 3 runed translucent doors, rabbi's ghost, weakling TrMo
There is a stone staircase leading down here.
(D) Dungeon (T) Temple (L) Lair (A) Shoals (P) Snake Pit (M) Slime Pits (O) Orcish Mines (E) Elven Halls (V) Vaults (C) Crypt (U) Depths (H) Hell (Z) Zot
Where to? (Enter - D:1 @ (x,y), ? - help)
There is a stone staircase leading up here.
You climb upwards.
There is a stone staircase leading down here.
There is a stone staircase leading up here.
You climb upwards.
There is a stone staircase leading down here.
You see here a jackal skeleton.
There is a staircase leading out of the dungeon here.
Unknown command.
You have escaped!

#.##..##.##.#..##
##....# #.#
##.#..#.......##
##.########.##
##...#.......#
#...........#
##..#.......##
##.#####.##..#
##...####.###.##
##.## ###.##.)#
##.#..# #.#
##.###..#
#........ #.##..#
#.# ##.....#
##.#.##..#
......####.#
♣♣♣.♣♣♣♣♣..#.##..#
###........#
♣@......♣###.##..#
..)........#
♣.PPPPP.♣..>.....#
###.######.#
♣.P≈≈≈P.♣###.##.##
.##.######.#
♣.P≈8≈P.♣ #.##.#
.##.##.....#
♣.P≈≈≈P.♣ #.##.#
.##.##.#####


♣.PPPPP.♣ #.##.# .##.##.# ♣.......♣ ##.##.# .##.##.########♣♣♣♣♣♣♣♣♣ #..##.#
.##.#...##........# #.###.# There were no monsters in sight!

Vanquished Creatures
  Mara (Shoals:3)
  A pandemonium lord (Zot:2)
  A Killer Klown (Zot:2)
  A curse toe (Zot:2)
  Xtahua (Vaults:5)
  5 golden dragons
  Nikola (Shoals:2)
  Rupert (Lair:5)
  3 tentacled monstrosities
  3 Orb Guardians (Zot:5)
  A lich (Depths:4)
  A titan (Vaults:4)
  3 death cobs
  An Executioner (D:15)
  2 sphinxes
  A kraken (Shoals:2)
  Polyphemus (Shoals:3)
  7 shadow dragons
  6 storm dragons
  Donald (Snake:3)
  3 tengu reavers
  12 nagarajas
  6 fire giants
  3 deep elf sorcerers
  A draconian knight (Zot:2)
  8 vault wardens
  Louise (D:14)
  Aizul (Snake:4)
  8 frost giants
  A draconian scorcher (Zot:2)
  A reaper (D:15)
  3 spriggan defenders
  2 draconian stormcallers (Depths:5)
  3 war gargoyles
  8 ironheart preservers
  32 very ugly things
  21 stone giants
  8 vampire knights
  A red draconian (Zot:2)
  A black draconian (Depths:5)
  2 deep elf annihilators
  A green draconian (Depths:5)
  A purple draconian (Zot:2)
  A white draconian (Depths:5)
  2 entropy weavers
  2 spark wasps (Depths:2)
  3 yellow draconians
  12 ettins
  7 merfolk javelineers
  9 yaktaur captains
  2 blizzard demons
  6 great orbs of eyes
  Josephine (D:15)
  7 ogre magi
  3 merfolk impalers
  16 fire dragons
  A deep elf high priest (Vaults:5)
  33 vault guards
  Harold (D:9)
  16 hydras
  Fannar (D:12)
  3 rakshasas
  22 naga warriors
  10 ice dragons
  6 boulder beetles
  3 spriggan air magi
  A catoblepas (Shoals:4)
  2 merfolk avatars
  12 anacondas
  3 death knights
  2 hell beasts
  28 two-headed ogres
  12 centaur warriors
  3 alligator snapping turtles
  3 vampire magi
  5 merfolk aquamancers
  Urug (Lair:1)
  3 deep troll shamans
  16 death yaks
  3 hell hogs (Depths:5)
  3 satyrs
  7 tengu warriors
  9 deep troll earth magi
  10 spriggan berserkers
  3 shock serpents
  23 naga sharpshooters
  A soul eater (Zot:2)
  A sun demon (Depths:1)
  4 iron trolls
  8 deep elf knights
  10 hell knights
  A sixfirhy (Depths:1)
  4 salamander mystics
  20 sea snakes
  2 glowing orange brains (Depths:3)
  6 wizards
  17 deep trolls
  7 naga ritualists
  A shadow demon (Depths:1)
  5 phantasmal warriors
  3 flayed ghosts
  A gelid demonspawn (Depths:1)
  2 torturous demonspawn
  11 ironbrand convokers
  6 deep elf archers
  6 necromancers
  A lindwurm (Orc:1)
  Pikel (D:9)
  27 harpies
  17 orc knights
  12 mana vipers
  A shining eye (Lair:5)
  7 deep elf magi
  8 orc sorcerers
  A faun (shapeshifter) (Vaults:5)
  38 ugly things
  A wolf spider (Vaults:4)
  A large abomination (D:15)
  6 fauns
  14 cyclopes
  16 manticores
  A salamander (shapeshifter) (Vaults:3)
  9 salamanders
  2 elephants
  23 black mambas
  3 moths of wrath
  13 guardian serpents
  A guardian serpent (shapeshifter) (Vaults:3)
  27 naga magi
  A toenail golem (Volcano)
  An ice statue (IceCv)
  4 water nymphs
  10 merfolk sirens
  2 orange demons
  A water nymph (shapeshifter) (Vaults:5)
  A molten gargoyle (Volcano)
  10 vault sentinels
  A torpor snail (shapeshifter) (Vaults:5)
  A gargoyle (D:11)
  A rust devil (Depths:3)
  11 cane toads
  8 freezing wraiths
  31 yaktaurs
  4 rime drakes
  3 tengu conjurers
  A komodo dragon (shapeshifter) (Depths:4)
  12 komodo dragons
  4 efreet
  A queen bee (shapeshifter) (Vaults:4)
  A demonic crawler (Lair:4)
  9 trolls
  A red devil (Depths:5)
  A wolf spider simulacrum (D:15)
  29 merfolk
  20 polar bears
  A tyrant leech (Lair:4)
  7 wind drakes
  13 hornets
  A tengu simulacrum (Vaults:3)
  19 blink frogs
  29 slime creatures
  13 snapping turtles
  15 dream sheep
  A tarantella (shapeshifter) (Vaults:1)
  13 water elementals
  2 vampires
  3 redbacks (Vaults:2)
  20 spriggans
  4 shadows
  2 wyverns
  8 wraiths
  2 spriggans (shapeshifter)
  4 fire elementals (Volcano)
  A fire bat (shapeshifter) (Vaults:2)
  74 yaks
  3 basilisks
  A steam dragon (D:8)
  A human (D:14)
  A human (shapeshifter) (Vaults:4)
  A yaktaur simulacrum (Vaults:2)
  A chaos spawn (Depths:1)
  3 vampire mosquitoes (D:15)
  4 swamp worms (Lair:4)
  80 nagas
  2 soldier ants
  4 acid dragons
  27 water moccasins
  2 wargs
  2 floating eyes (shapeshifter)
  A swamp drake (Lair:3)
  5 sky beasts
  7 black bears
  An ettin simulacrum (Vaults:3)
  2 hornet zombies
  51 orc warriors
  An eye of draining (shapeshifter) (Vaults:4)
  3 ice beasts
  2 phantoms (D:6)
  24 ogres
  2 necrophages
  15 boggarts
  A centaur (shapeshifter) (Vaults:4)
  3 eyes of draining
  44 wolves
  31 centaurs
  3 lemures (D:9)
  4 big kobolds
  25 bullfrogs
  A wyvern zombie (D:9)
  2 gnoll sergeants
  A wyvern skeleton (D:8)
  10 scorpions
  8 killer bees
  3 wights (D:6)
  2 electric eels
  4 howler monkeys
  A vampire bat (D:15)
  2 bullfrog zombies
  2 quasits
  7 lava snakes (Snake:3)
  5 centaur zombies
  4 hounds
  23 orc priests
  24 orc wizards
  2 bullfrog skeletons
  3 centaur skeletons
  An iron imp (Depths:1)
  2 jellies
  2 human zombies (Ossuary)
  2 iguanas
  4 hell rats (Lair:6)
  10 worker ants
  A big kobold zombie (Ossuary)
  3 mummies (Ossuary)
  A worker ant zombie (D:6)
  11 gnolls
  4 scorpion zombies (Ossuary)
  12 adders
  3 shadow imps
  3 white imps (Depths:1)
  4 ufetubi
  6 oozes
  3 adder skeletons
  2 dart slugs
  9 leopard geckos
  69 orcs
  5 ball pythons
  11 bats
  2 giant cockroaches
  3 gnoll zombies (Ossuary)
  5 goblins
  11 hobgoblins
  17 jackals
  20 kobolds
  4 quokkas
  A ball python skeleton (D:5)
  2 frilled lizards (D:1)
  4 hobgoblin zombies (Ossuary)
  A kobold zombie (Ossuary)
  8 rats
  A butterfly (D:6)
  A fire vortex (Volcano)
  2 tentacles (Shoals:2)
1944 creatures vanquished.

Vanquished Creatures (collateral kills)
  Frederick (Depths:5)
  A quicksilver dragon (shapeshifter) (Vaults:5)
  An Orb Guardian (Zot:5)
  A titan (Vaults:5)
  A death cob (Zot:5)
  2 shadow dragons
  A vault warden (Vaults:5)
  A very ugly thing (Vaults:5)
  A deep elf high priest (Vaults:5)
  A vault guard (Vaults:5)
  A moth of wrath (Zot:5)
  A golden eye (shapeshifter) (Vaults:5)
  A gnoll (D:6)
14 creatures vanquished.

Vanquished Creatures (others)
  3 ancient liches (Zot:5)
  An orb of fire (Zot:5)
  A Killer Klown (Zot:5)
  An electric golem (Zot:5)
  2 tentacled monstrosities (Zot:5)
  A lich (Vaults:5)
  13 Orb Guardians (Zot:5)
  2 storm dragons (Vaults:5)
  3 tengu reavers (Vaults:5)
  A deep elf sorcerer (Vaults:5)
  2 draconian scorchers (Zot:2)
  6 vault wardens (Vaults:5)
  A draconian shifter (Zot:2)
  2 ironheart preservers (Vaults:5)
  2 war gargoyles (Vaults:5)
  4 stone giants (Vaults:5)
  A black draconian (Zot:2)
  A deep elf demonologist (Vaults:5)
  A deep elf death mage (Vaults:5)
  An ettin (Vaults:5)
  A deep elf high priest (Vaults:5)
  2 yaktaur captains (Vaults:5)
  7 vault guards (Vaults:5)
  A hell hog (Depths:5)
  2 deep elf knights
  A sea snake (Shoals:2)
  A deep troll (Vaults:5)
  A deep elf archer (Vaults:5)
  2 ironbrand convokers (Vaults:5)
  A harpy (Shoals:2)
  A necromancer (Depths:2)
  2 deep elf magi (Vaults:5)
  A manticore (Shoals:2)
  A cyclops (shapeshifter) (Vaults:5)
  A vault sentinel (Vaults:5)
  A water nymph (Shoals:2)
  A freezing wraith (Vaults:5)
  3 centaurs (Depths:3)
  2 wights (D:5)
  An orc priest (D:5)
  3 orc wizards (D:5)
  A gnoll (D:6)
  A jackal (D:6)
  A goblin zombie (Ossuary)
  37 fungi
  165 plants
  12 tentacles (Shoals:2)
302 creatures vanquished.

Grand Total: 2260 creatures vanquished

Notes
Turn   | Place    | Note
-------+----------+-------------------------------------------
     0 | D:1      | EnegeticOcto the Human Enchanter began the quest for the
                  | Orb.
     0 | D:1      | Reached XP level 1. HP: 13/13 MP: 3/3
   587 | D:1      | Reached XP level 2. HP: 19/19 MP: 5/5
   600 | D:1      | Reached skill level 2 in Short Blades
   614 | D:1      | Learned a level 2 spell: Ensorcelled Hibernation
   875 | D:1      | Reached skill level 1 in Fighting
  1043 | D:1      | Reached skill level 1 in Ice Magic
  1043 | D:1      | Reached XP level 3. HP: 20/26 MP: 4/6
  1398 | D:1      | Reached skill level 2 in Ice Magic
  1725 | D:2      | Reached XP level 4. HP: 32/32 MP: 2/7
  2351 | D:2      | Reached skill level 3 in Ice Magic
  2643 | D:2      | Found an opulent altar of Gozag.
  2649 | D:2      | Became a worshipper of Gozag Ym Sagoz the Greedy
  2956 | D:3      | Reached XP level 5. HP: 35/37 MP: 1/8
  3560 | D:3      | Reached skill level 1 in Maces & Flails
  3597 | D:3      | Found a runed translucent gate.
  3597 | D:3      | Found a runed translucent gate.
  3597 | D:3      | Found a runed translucent gate.
  3610 | D:3      | Noticed rabbi's ghost (weakling TrMo)
  3728 | D:3      | Found a faded altar of an unknown god.
  4238 | D:4      | Reached skill level 2 in Maces & Flails
  4238 | D:4      | Reached XP level 6. HP: 44/44 MP: 9/9
  4433 | D:4      | Reached skill level 2 in Fighting
  4448 | D:4      | Noticed an ice beast
  4454 | D:4      | Killed an ice beast
  4455 | D:4      | Reached skill level 3 in Maces & Flails
  5109 | D:4      | Reached skill level 4 in Maces & Flails
  5336 | D:4      | Reached XP level 7. HP: 14/50 MP: 10/10
  6189 | D:5      | Entered Level 5 of the Dungeon
  6209 | D:4      | Reached skill level 5 in Maces & Flails
  6390 | D:5      | Reached skill level 3 in Fighting
  6729 | D:5      | Found Soemika's Assorted Antiques.
  6737 | D:5      | Bought an ancient war axe for 238 gold pieces
  6737 | D:5      | Identified the +8 war axe "Meutiduh" {freeze, rC+ SInv}
                  | (You bought it in a shop on level 5 of the Dungeon)
  7272 | D:5      | Reached skill level 1 in Axes
  7308 | D:5      | Reached skill level 2 in Axes
  7308 | D:5      | Reached XP level 8. HP: 39/58 MP: 11/11
  7486 | D:5      | Reached skill level 3 in Axes
  7742 | D:5      | Found a staircase to the Ecumenical Temple.
  8061 | D:6      | Reached skill level 4 in Axes
  8079 | D:6      | Reached skill level 5 in Axes
  8206 | D:6      | Found a shimmering altar of Xom.
  8225 | D:6      | Reached skill level 6 in Axes
  8259 | D:6      | Reached XP level 9. HP: 58/63 MP: 12/12
  8412 | D:6      | Reached skill level 7 in Axes
  8415 | D:6      | Found a sand-covered staircase.
  8420 | Ossuary  | Entered an ossuary
  8598 | Ossuary  | Reached skill level 8 in Axes
  9310 | D:6      | Reached skill level 9 in Axes
  9703 | D:6      | Identified the +0 spear of Untruth {flame, Fragile rC++
                  | SInv}
  9974 | D:6      | Reached skill level 1 in Shields
 10171 | D:7      | Noticed a troll
 10394 | D:7      | Killed a troll
 10395 | D:7      | Reached skill level 2 in Shields
 10451 | D:7      | Reached skill level 3 in Shields
 10451 | D:7      | Reached XP level 10. HP: 52/70 MP: 13/13
 10987 | D:7      | Reached skill level 10 in Axes
 11267 | D:8      | Found an iron altar of Okawaru.
 11374 | D:8      | Noticed a komodo dragon
 11398 | D:8      | Killed a komodo dragon
 11399 | D:8      | Reached skill level 4 in Fighting
 12177 | D:8      | Reached skill level 11 in Axes
 12586 | D:8      | Found Nenaclata's Weapon Shop.
 12697 | D:8      | Reached skill level 1 in Evocations
 12874 | D:8      | Found a staircase to the Lair.
 13240 | D:9      | Got a pair of fine boots
 13245 | D:9      | Identified the -4 pair of boots "Rafrio" {Harm rN+} (You
                  | found it on level 9 of the Dungeon)
 13260 | D:9      | Reached skill level 5 in Fighting
 13358 | D:9      | Noticed a two-headed ogre
 13366 | D:9      | Killed a two-headed ogre
 13367 | D:9      | Reached skill level 2 in Evocations
 13367 | D:9      | Reached XP level 11. HP: 71/80 MP: 14/14
 13374 | D:9      | Found a runed translucent door.
 13376 | D:9      | Noticed rabbi's ghost (novice TrMo)
 13381 | D:9      | Identified the +5 spear "Hejaxoo" {venom, rF+}
 13503 | D:9      | Found a flagged portal.
 13570 | Bailey   | Entered a bailey
 13570 | Bailey   | Noticed an orc knight
 13570 | Bailey   | Noticed an orc knight
 13756 | D:9      | Noticed Harold
 13769 | D:9      | Killed Harold
 13770 | D:9      | Reached skill level 12 in Axes
 13770 | D:9      | Reached skill level 3 in Evocations
 13911 | D:9      | Noticed Pikel
 13926 | D:9      | Killed Pikel
 13927 | D:9      | Reached skill level 6 in Fighting
 14417 | D:10     | Entered Level 10 of the Dungeon
 14498 | D:10     | Found a burning altar of Makhleb.
 14586 | D:10     | Got a dazzling helmet
 14591 | D:10     | Identified the +0 helmet of the Sun {Regen+} (You found it
                  | on level 10 of the Dungeon)
 14604 | D:10     | Reached skill level 4 in Evocations
 15077 | D:10     | Reached skill level 1 in Armour
 15398 | Lair:1   | Entered Level 1 of the Lair of Beasts
 15663 | Lair:1   | Reached skill level 2 in Armour
 15667 | Lair:1   | Noticed an oklob plant
 15668 | Lair:1   | Noticed an oklob plant
 15668 | Lair:1   | Noticed an eight-headed hydra
 15714 | Lair:1   | Killed an eight-headed hydra
 15776 | Lair:1   | Reached skill level 7 in Fighting
 15931 | Lair:1   | Reached skill level 5 in Evocations
 15972 | Lair:1   | Noticed Urug
 15983 | Lair:1   | Reached skill level 13 in Axes
 15983 | Lair:1   | Reached XP level 12. HP: 81/91 MP: 15/15
 15991 | Lair:1   | Reached skill level 3 in Armour
 16147 | Lair:1   | Noticed a six-headed hydra
 16162 | Lair:1   | Killed a six-headed hydra
 16298 | Lair:1   | Killed Urug
 16849 | Lair:2   | Found a transporter.
 16854 | Lair:2   | Noticed a death yak
 16854 | Lair:2   | Noticed Cykl0x's ghost (journeyman FoFi)
 16864 | Lair:2   | Reached skill level 4 in Armour
 16890 | Lair:2   | Reached skill level 8 in Fighting
 16983 | Lair:2   | Reached skill level 14 in Axes
 17021 | Lair:2   | Identified the +2 chain mail of Mezcal {Int+3} (You found
                  | it on level 2 of the Lair of Beasts)
 17366 | Lair:2   | Found a transporter.
 17376 | Lair:2   | Noticed Maggie
 17377 | Lair:2   | Noticed Maggie
 17377 | Lair:2   | Maggie changed into Maggie the acid dragon
 17394 | Lair:2   | Killed Maggie the acid dragon
 17593 | Lair:2   | Noticed a seven-headed hydra
 17625 | Lair:2   | Killed a seven-headed hydra
 17626 | Lair:2   | Reached skill level 15 in Axes
 17710 | Lair:2   | Noticed a four-headed hydra
 17711 | Lair:2   | Reached XP level 13. HP: 98/98 MP: 16/16
 17715 | Lair:2   | Noticed a four-headed hydra
 17731 | Lair:2   | Killed a four-headed hydra
 17741 | Lair:2   | Killed a four-headed hydra
 18369 | Lair:3   | Noticed a five-headed hydra
 18454 | Lair:3   | Got a fine granite ring
 18456 | Lair:3   | Identified the cursed ring "Zasyibycs" {rPois Int-4} (You
                  | found it on level 3 of the Lair of Beasts)
 18479 | Lair:3   | Noticed Sonja
 18485 | Lair:3   | Noticed Sonja
 18485 | Lair:3   | Sonja changed into Sonja the swamp drake
 18492 | Lair:3   | Killed Sonja the swamp drake
 18498 | Lair:3   | Reached skill level 3 in Dodging
 18566 | Lair:3   | Found a staircase to the Shoals.
 18593 | Lair:3   | Reached skill level 4 in Shields
 18899 | Lair:3   | Killed a five-headed hydra
 18900 | Lair:3   | Reached skill level 5 in Armour
 18952 | Lair:3   | Reached skill level 4 in Dodging
 19240 | Lair:3   | Noticed an eight-headed hydra
 19252 | Lair:3   | Killed an eight-headed hydra
 19712 | Lair:4   | Reached skill level 5 in Shields
 19982 | Lair:4   | Reached skill level 6 in Armour
 20117 | Lair:4   | Reached skill level 5 in Dodging
 20185 | Lair:4   | Noticed a seven-headed hydra
 20193 | Lair:4   | Killed a seven-headed hydra
 20278 | Lair:4   | Identified the +6 chain mail of the Fiend {Slay+5} (You
                  | found it on level 4 of the Lair of Beasts)
 20346 | Lair:4   | Found a staircase to the Snake Pit.
 20350 | Lair:4   | Reached skill level 6 in Shields
 20749 | Lair:5   | Noticed Rupert
 20754 | Lair:5   | Paralysed by Rupert for 5 turns
 20831 | Lair:5   | Reached XP level 14. HP: 96/105 MP: 17/17
 20840 | Lair:5   | Reached skill level 7 in Armour
 20848 | Lair:5   | Reached skill level 6 in Dodging
 20871 | Lair:5   | Reached skill level 7 in Shields
 21189 | Lair:5   | You fall into a shaft and drop 1 floor!
 21189 | Lair:6   | Entered Level 6 of the Lair of Beasts
 21210 | Lair:6   | Reached skill level 8 in Armour
 21301 | Lair:6   | Reached skill level 8 in Shields
 21423 | Lair:5   | Noticed Nessos
 21424 | Lair:5   | Noticed Nessos
 21424 | Lair:5   | Nessos changed into Nessos the shining eye
 21439 | Lair:5   | Killed Nessos the shining eye
 21615 | Lair:5   | Paralysed by Rupert for 2 turns
 21622 | Lair:5   | Killed Rupert
 21623 | Lair:5   | Reached skill level 9 in Shields
 22422 | Lair:6   | Reached skill level 10 in Shields
 22732 | Lair:6   | Reached skill level 11 in Shields
 22765 | Lair:6   | Reached XP level 15. HP: 100/110 MP: 18/18
 23157 | Lair:6   | Found a viscous altar of Jiyva.
 23157 | Lair:6   | Found a staircase to the Slime Pits.
 23174 | Lair:6   | Reached skill level 12 in Shields
 23621 | D:11     | Found a staircase to the Orcish Mines.
 23638 | D:11     | Found the +15 Maxwell's patent armour {-Cast -Tele rElec
                  | Will+ rCorr}
 23954 | D:11     | Found a runed translucent door.
 23959 | D:11     | Found the +2 shield of Resistance {rF++ rC++ Will++}
 23976 | D:11     | Found a runed translucent door.
 23983 | D:11     | Reached skill level 13 in Shields
 24252 | D:11     | Found a roughly hewn altar of Beogh.
 24348 | Orc:1    | Entered Level 1 of the Orcish Mines
 24468 | Orc:1    | Found a dark tunnel.
 24516 | Volcano  | Entered a volcano
 24928 | Orc:1    | Found Tuom's Assorted Antiques.
 24981 | Orc:1    | Bought a potion of heal wounds for 135 gold pieces
 25103 | Orc:2    | Entered Level 2 of the Orcish Mines
 25119 | Orc:1    | Reached skill level 6 in Evocations
 25173 | Orc:2    | Found a frozen archway.
 25211 | IceCv    | Entered an ice cave
 25391 | IceCv    | Reached skill level 7 in Dodging
 25509 | IceCv    | Reached XP level 16. HP: 104/119 MP: 19/19
 25575 | IceCv    | Noticed a frost giant
 25586 | IceCv    | Reached skill level 9 in Fighting
 25586 | IceCv    | Reached skill level 9 in Armour
 25592 | IceCv    | Killed a frost giant
 25964 | Orc:2    | Found a staircase to the Elven Halls.
 26169 | Orc:2    | Found a runed translucent door.
 26292 | Orc:2    | Found the +10 tower shield of Ignorance {rN+ Int-4}
 26336 | Orc:2    | Found a runed translucent door.
 26460 | Orc:2    | Reached skill level 7 in Evocations
 26485 | Orc:2    | Found Neuduafish's General Store.
 26485 | Orc:2    | Found Udghav's Book Boutique.
 26530 | Orc:2    | Found Wuptaat Vuli's Magic Scroll Shop.
 26532 | Orc:2    | Found Posajy's Assorted Antiques.
 26539 | Orc:2    | Bought a scroll of fog for 28 gold pieces
 26539 | Orc:2    | Bought a scroll of fog for 28 gold pieces
 26544 | Orc:2    | Bought a wand of paralysis (6) for 58 gold pieces
 26978 | D:12     | Found Cheibriados's Comfort Zone.
 26978 | D:12     | Found a snail-covered altar of Cheibriados.
 27079 | D:12     | Noticed Fannar
 27089 | D:12     | Killed Fannar
 27602 | D:13     | Reached skill level 8 in Dodging
 27629 | D:13     | Found Soompy's Weapon Boutique.
 27853 | D:13     | Found a broken altar of Ashenzari.
 28631 | D:14     | Reached skill level 10 in Armour
 28636 | D:14     | Reached skill level 10 in Fighting
 28636 | D:14     | Reached skill level 14 in Shields
 28636 | D:14     | Reached skill level 8 in Evocations
 28851 | D:14     | You fall into a shaft and drop 1 floor!
 28851 | D:15     | Entered Level 15 of the Dungeon
 28899 | D:15     | Noticed Josephine
 28939 | D:15     | Killed Josephine
 29048 | D:15     | Reached XP level 17. HP: 128/128 MP: 20/20
 29376 | D:15     | Reached skill level 9 in Dodging
 29649 | D:15     | Found a staircase to the Depths.
 30117 | D:14     | Noticed Louise
 30147 | D:14     | Killed Louise
 30316 | D:14     | Found a gate to the Vaults.
 30644 | Snake:1  | Entered Level 1 of the Snake Pit
 30806 | Snake:1  | Reached skill level 9 in Evocations
 30972 | Snake:1  | Found a radiant altar of Vehumet.
 30976 | Snake:1  | Found a transporter.
 31657 | Snake:2  | Reached skill level 11 in Fighting
 31967 | Snake:2  | Reached skill level 10 in Dodging
 32593 | Snake:3  | Noticed Donald
 32601 | Snake:3  | Reached skill level 10 in Evocations
 32603 | Snake:3  | Reached skill level 15 in Shields
 32612 | Snake:3  | Killed Donald
 32632 | Snake:3  | Reached skill level 1 in Throwing
 32756 | Snake:3  | Reached XP level 18. HP: 105/138 MP: 21/21
 32915 | Snake:3  | Reached skill level 2 in Throwing
 32937 | Snake:3  | Reached skill level 16 in Axes
 33241 | Snake:3  | Reached skill level 3 in Throwing
 33891 | Snake:4  | Entered Level 4 of the Snake Pit
 33999 | Snake:4  | Reached skill level 4 in Throwing
 34454 | Snake:4  | Reached skill level 11 in Armour
 34459 | Snake:4  | Reached skill level 12 in Fighting
 34534 | Snake:4  | Reached skill level 5 in Throwing
 34840 | Snake:4  | Reached skill level 17 in Axes
 34842 | Snake:4  | Reached XP level 19. HP: 119/146 MP: 22/22
 35234 | Snake:4  | Found a sparkling altar of Nemelex Xobeh.
 35275 | Snake:4  | Noticed Aizul
 35300 | Snake:4  | Killed Aizul
 35778 | Snake:4  | Reached skill level 6 in Throwing
 36508 | Snake:4  | Got a serpentine rune of Zot
 36708 | Shoals:1 | Entered Level 1 of the Shoals
 37181 | Shoals:1 | Reached skill level 7 in Throwing
 37402 | Shoals:2 | Reached skill level 12 in Armour
 37543 | Shoals:2 | Noticed Nikola
 37555 | Shoals:2 | Killed Nikola
 37556 | Shoals:2 | Reached skill level 18 in Axes
 37590 | Shoals:2 | Reached skill level 13 in Fighting
 37869 | Shoals:2 | Reached XP level 20. HP: 153/156 MP: 23/23
 38776 | Shoals:3 | Noticed Mara
 38831 | Shoals:3 | Noticed EnegeticOcto's illusion
 39210 | Shoals:3 | Killed Mara
 39265 | Shoals:3 | Reached skill level 8 in Throwing
 39407 | Shoals:4 | Entered Level 4 of the Shoals
 39434 | Shoals:4 | Noticed Polyphemus
 39474 | Shoals:3 | Killed Polyphemus
 40118 | Shoals:4 | Found Tus Puets's Weapon Boutique.
 40485 | Shoals:4 | Got a barnacled rune of Zot
 40540 | Shoals:4 | Found Keudin's Distillery.
 40572 | Shoals:4 | Bought a potion of invisibility for 120 gold pieces
 40572 | Shoals:4 | Bought a potion of haste for 150 gold pieces
 40572 | Shoals:4 | Bought a potion of heal wounds for 75 gold pieces
 40572 | Shoals:4 | Bought a potion of curing for 45 gold pieces
 40636 | Shoals:4 | Reached skill level 19 in Axes
 40709 | Shoals:4 | Reached skill level 9 in Throwing
 40764 | Shoals:4 | Reached skill level 13 in Armour
 40935 | Shoals:4 | Reached XP level 21. HP: 164/164 MP: 24/24
 41468 | Vaults:1 | Entered Level 1 of the Vaults
 41863 | Orc:2    | Bought a scroll of enchant armour for 105 gold pieces
 42088 | Vaults:1 | Reached skill level 14 in Fighting
 42551 | Vaults:1 | Found Aritiv's Weapon Boutique.
 43470 | Vaults:2 | Reached skill level 10 in Throwing
 44580 | Vaults:2 | Reached skill level 11 in Throwing
 44634 | Vaults:2 | Reached skill level 15 in Fighting
 44752 | Vaults:2 | Found a staircase to the Crypt.
 44752 | Vaults:2 | Found an ancient bone altar of Kikubaaqudgha.
 44753 | Vaults:2 | Found a basalt altar of Yredelemnul.
 44818 | Vaults:2 | Reached skill level 11 in Evocations
 44818 | Vaults:2 | Reached XP level 22. HP: 175/175 MP: 25/25
 45312 | Vaults:3 | Found Eklecw's General Store.
 45319 | Vaults:3 | Bought a scroll of enchant armour for 157 gold pieces
 45406 | Vaults:3 | Identified the Compendium of the Glacial Compass
 45632 | Vaults:3 | Reached skill level 14 in Armour
 45908 | Vaults:3 | Reached skill level 12 in Throwing
 46745 | Vaults:4 | Reached skill level 16 in Fighting
 47041 | Vaults:4 | Found Lanorag's Book Shoppe.
 47108 | Vaults:4 | Identified the ring "Caqiuwif" {rCorr Dex+4} (You found it
                  | on level 4 of the Vaults)
 47306 | Vaults:4 | Identified the +7 demon blade "Neung" {vamp, SInv}
 47328 | Vaults:4 | Reached XP level 23. HP: 175/184 MP: 26/26
 47420 | Vaults:4 | Reached skill level 13 in Throwing
 47431 | Vaults:4 | Reached skill level 12 in Evocations
 48115 | Depths:1 | Entered Level 1 of the Depths
 48654 | Depths:1 | Found a one-way gate leading to the halls of Pandemonium.
 48686 | Depths:1 | Found a gateway to Hell.
 48988 | Depths:1 | Learned a level 1 spell: Apportation
 49068 | Depths:2 | Found a gateway to a ziggurat.
 49120 | Depths:2 | Reached skill level 1 in Translocations
 49358 | Depths:2 | Reached skill level 17 in Fighting
 49543 | Depths:2 | Reached skill level 2 in Translocations
 49567 | Depths:2 | Reached skill level 14 in Throwing
 50389 | Depths:3 | Found the +12 Vampire's Tooth {vamp}
 50526 | Depths:3 | Reached skill level 3 in Translocations
 50526 | Depths:3 | Reached XP level 24. HP: 177/195 MP: 26/26
 51562 | Depths:3 | Reached skill level 4 in Translocations
 51739 | Depths:3 | Reached skill level 13 in Evocations
 52437 | Depths:4 | Reached skill level 15 in Throwing
 52599 | Depths:4 | Found a one-way gate to the infinite horrors of the Abyss.
 52729 | Depths:4 | Reached skill level 5 in Translocations
 52738 | Depths:4 | Reached skill level 18 in Fighting
 53123 | Depths:5 | Entered Level 5 of the Depths
 53141 | Depths:5 | Found a flickering gateway to a bazaar.
 53177 | Bazaar   | Entered a bazaar
 53183 | Bazaar   | Found Unkefawo's Antique Weapon Shop.
 53193 | Bazaar   | Found Nuuzxuxa's Book Emporium.
 53216 | Bazaar   | Found Jar Hel's Gadget Shoppe.
 53225 | Bazaar   | Bought a wand of digging (6) for 220 gold pieces
 53225 | Bazaar   | Bought a wand of iceblast (8) for 132 gold pieces
 53225 | Bazaar   | Bought a wand of iceblast (9) for 143 gold pieces
 53229 | Bazaar   | Found Pyc Gupp's Assorted Antiques.
 53237 | Bazaar   | Bought a potion of mutation for 168 gold pieces
 53237 | Bazaar   | Bought a scroll of enchant weapon for 157 gold pieces
 53913 | Depths:5 | Reached XP level 25. HP: 159/199 MP: 26/26
 53996 | Depths:5 | Found a gate to the Realm of Zot.
 54192 | Depths:5 | Reached skill level 6 in Translocations
 54431 | Depths:5 | Noticed Frederick
 54441 | Depths:5 | Killed Frederick
 55283 | Vaults:5 | Entered Level 5 of the Vaults
 55313 | Vaults:4 | Reached skill level 16 in Throwing
 55508 | Vaults:5 | Reached skill level 14 in Evocations
 55581 | Vaults:5 | Reached skill level 19 in Fighting
 56357 | Vaults:5 | Got a silver rune of Zot
 56444 | Vaults:5 | Identified Advanced Steps in Theurgy
 56639 | Vaults:5 | Noticed Xtahua
 57352 | Vaults:5 | Identified the +9 scimitar "Quetos" {vamp, *Corrode +Rage
                  | rN+ Int+3}
 57352 | Vaults:5 | Identified the +4 shortbow of the Warrior-Mage {venom, rC+
                  | Str+2}
 57352 | Vaults:5 | Identified the +5 morningstar "Lommin" {drain, Str+6}
 57366 | Vaults:5 | Identified the +4 long sword of Untimely Demise {holy,
                  | +Rage rElec Int-4 Dex+3}
 57514 | Vaults:5 | Identified the Reference Book on the Snowflakes and
                  | Enchantment
 57517 | Vaults:5 | Identified the Volume of Frigorific Moulding
 57569 | Vaults:5 | Killed Xtahua
 58335 | Zot:1    | Entered Level 1 of the Realm of Zot
 58340 | Zot:1    | Learned a level 2 spell: Blink
 58456 | Zot:2    | Noticed a Killer Klown
 58499 | Zot:2    | Killed a Killer Klown
 58500 | Zot:2    | Reached XP level 26. HP: 211/217 MP: 26/26
 58555 | Zot:2    | Noticed a curse toe
 58576 | Zot:2    | Killed a curse toe
 58577 | Zot:2    | Reached skill level 20 in Fighting
 58797 | Zot:2    | Reached skill level 3 in Spellcasting
 58887 | Zot:2    | Reached skill level 15 in Evocations
 58950 | Zot:2    | Reached skill level 4 in Spellcasting
 59441 | Zot:3    | Found a huge runed gate.
 59441 | Zot:3    | Found a huge runed gate.
 59441 | Zot:3    | Found a huge runed gate.
 59441 | Zot:3    | Found a huge runed gate.
 59441 | Zot:3    | Found a huge runed gate.
 59441 | Zot:3    | Found a huge runed gate.
 59441 | Zot:3    | Found a huge runed gate.
 59441 | Zot:3    | Found a huge runed gate.
 59441 | Zot:3    | Found a huge runed gate.
 59441 | Zot:3    | Found a huge runed gate.
 59472 | Zot:3    | Found a huge runed gate.
 59472 | Zot:3    | Found a huge runed gate.
 59472 | Zot:3    | Found a huge runed gate.
 59472 | Zot:3    | Found a huge runed gate.
 59472 | Zot:3    | Found a huge runed gate.
 59501 | Zot:5    | Entered Level 5 of the Realm of Zot
 59892 | Zot:5    | Reached skill level 5 in Spellcasting
 60009 | Zot:5    | Noticed an ancient lich
 60016 | Zot:5    | Noticed an ancient lich
 60019 | Zot:5    | Noticed an orb of fire
 60019 | Zot:5    | Noticed a Killer Klown
 60020 | Zot:5    | Noticed an orb of fire
 60020 | Zot:5    | Noticed an ancient lich
 60021 | Zot:5    | Noticed an ancient lich
 60022 | Zot:5    | Noticed an orb of fire
 60023 | Zot:5    | Noticed a Killer Klown
 60039 | Zot:5    | Got the Orb of Zot
 60088 | Zot:5    | Killed an ancient lich
 60090 | Zot:4    | Noticed a Killer Klown
 60137 | Zot:2    | Noticed Epukkac the pandemonium lord
 60147 | Zot:2    | Killed Epukkac the pandemonium lord
 60265 | Depths:5 | Noticed Olaranol the pandemonium lord
 60286 | Depths:5 | Noticed Nasory the pandemonium lord
 60286 | Depths:5 | Noticed an ancient lich
 60682 | D:9      | Noticed Econyopt the pandemonium lord
 60821 | D:$      | Escaped with the Orb!

Illustrated notes

Levels and vault maps discovered:
D:1:      tarquinn_simple_flora_water_a, layout_loops_ring
D:2:      layout_rooms, st_stairs_5, grunt_gozag_statues
D:3:      layout_basic, chequers_ecumenical_altar_simple,
          gammafunk_ghost_necromancy
D:4:      layout_basic, grunt_ministairs_2
D:5:      layout_loops_corners, lemuel_temple_firewalk_b, serial_shops,
          nicolae_shop_overgrown_old_shop
D:6:      layout_rooms, xom_butterflies, enter_ossuary_5, serial_rivers,
          chequers_serial_rivers_micro_b, chequers_serial_rivers_room_b,
          chequers_serial_rivers_large_b, chequers_serial_rivers_micro_a,
          chequers_serial_rivers_small_b, chequers_serial_rivers_micro_d
D:7:      layout_loops_ring, nrook_pool_corridor
D:8:      layout_basic, grunt_lair_entry_orc_guard_hut, serial_shops, shop,
          glass_columns_c, okawaru_metal_pillars_1_2
D:9:      layout_irregular_city, ebering_ghost_funeral_grove, enter_bailey_8,
          uniq_harold, uniq_pikel
D:10:     layout_basic, lemuel_statue_altar
D:11:     layout_rooms, minmay_orc_entry_temple_small,
          minmay_guarded_unrand_resistance
D:12:     layout_gridville, minmay_shop_chei, chequers_serial_rivers_micro_c,
          uniq_fannar
D:13:     layout_rooms, serial_shops, shop, basic_altar
D:14:     layout_cave_pods, grunt_vaults_entry_fortified, minivault_23,
          uniq_louise
D:15:     grunt_enter_depths_magical_seal, layout_irregular_city,
          minmay_splitting_lines, roderic_batcave, uniq_josephine
Lair:1:   layout_chaotic_city, beast_lair_carwin_1, grunt_megastairs_2,
          serial_bayou_shore_b, lemuel_fruit_fields, minmay_lair_oklob_chamber,
          uniq_urug
Lair:2:   nzn_winding_woodlands_three_and_one
          [nzn_winding_woodlands_5x15_pathside_ponds,
          nzn_winding_woodlands_5x15_default,
          nzn_winding_woodlands_5x15_pockets,
          nzn_winding_woodlands_center_garden], layout_cave_pods,
          gammafunk_ghost_arena, beast_lair_carwin_6, uniq_maggie
Lair:3:   layout_roguey, shoals_dummy_entry, grunt_megastairs_3,
          lemuel_fruit_fields, uniq_sonja
Lair:4:   layout_long_grid, minmay_snake_entry_guardpost_small,
          fungi_pond_lemuel, serial_bayou_pond_c, worms_lemuel
Lair:5:   layout_cave_pods, chequers_serial_rivers_micro_d,
          infiniplex_staircase_pool, serial_bayou_shore_b, lemuel_fruit_tree,
          lemuel_fruit_fields, uniq_rupert, uniq_nessos
Lair:6:   minmay_lair_end_enchanted_forest, layout_small_grid,
          dpeg_slime_entry_enclosed_altar, wad_woods_02
Shoals:1: layout_shoals
Shoals:2: layout_shoals, nicolae_shoals_seven_spires, nzn_prometheus_bound,
          uniq_nikola
Shoals:3: layout_shoals, uniq_mara
Shoals:4: shoals_end_simple, layout_shoals, serial_shops, nicolae_shop_stone,
          shop, uniq_polyphemus
Snake:1:  gammafunk_sealed_library, layout_honeycomb
Snake:2:  layout_layer_cave, drop_trap, abandoned_shop
Snake:3:  layout_rooms, nicolae_snake_lava_pool, uniq_donald
Snake:4:  grunt_snake_rune_pools, layout_cave_town, basic_altar,
          grunt_megastairs_4, uniq_aizul
Orc:1:    layout_caves, serial_shops, shop, nicolae_volcano_entry_vermiform
Orc:2:    st_orc_rangers, layout_diamond_mine, portal_ice_cave_entry_pillars_1,
          chequers_guarded_unrand_ignorance
Vaults:1: nicolae_vaults_specimen_jars, dpeg_vaults_monster_box,
          nicolae_vaults_network_star, ontoclasm_vaults_bender,
          nicolae_vaults_an_arrangement, v_misc_5, ontoclasm_vaults_ligature,
          v_misc_23, layout_vaults_omnigrid, serial_shops, shop
Vaults:2: grunt_vaults_trifunnel, ontoclasm_vaults_ring_large, v_alt_pattern_3,
          minmay_crypt_entry_necro_gods, v_misc_13, st_check,
          ontoclasm_vaults_idyll, nicolae_vaults_network_s,
          hangedman_vaults_cutoff, vaults_standard_mumra_enter_the_diamond,
          dpeg_vaults_monster_row, ontoclasm_vaults_idyll,
          vaults_standard_mumra_x, vaults_dpeg_ring,
          nicolae_vaults_circle_grid_a, layout_vaults_maze_snakey
Vaults:3: nicolae_vaults_bisected_slash, nicolae_vaults_little_squares_3,
          nicolae_vaults_mini_display_case, v_rooms_6, v_rooms_2,
          vaults_room_grid, ontoclasm_vaults_idyll,
          nicolae_vaults_little_squares_2, hangedman_vaults_river_flow,
          v_pattern_3, hangedman_vaults_maws, layout_vaults_big_room,
          serial_shops, shop
Vaults:4: ontoclasm_vaults_loading_screen, nicolae_vaults_disjoint_gnomons,
          hangedman_vaults_stagger, nicolae_vaults_little_squares_2,
          vaults_room_grid, vaults_room_boxed, hangedman_vaults_variations,
          nicolae_vaults_angled_halls, vaults_dpeg_diagonal,
          hangedman_vaults_trim, nicolae_vaults_three_branches,
          vaults_room_grid, nicolae_vaults_display_case, vaults_room_pool,
          layout_vaults_omnicross, serial_shops, shop
Vaults:5: serial_shops, uniq_xtahua
Depths:1: layout_big_octagon, hangedman_decor_opposing, grunt_pan_entry_spiral,
          hell_entry, lemuel_flamethrower_3
Depths:2: kennysheep_scales, layout_honeycomb, enter_ziggurat_f, pf_coc_iceberg,
          minmay_misc_feat_ornament, kb_rosetta,
          minmay_staircase_statues_hall_small
Depths:3: wad_pebble_path, layout_gridlike, pan_entry, grunt_hell_entry_dis_old,
          hex_intersection, statue_in_the_mist_lemuel,
          minmay_misc_feat_enclosed, minmay_guarded_unrand_vampires_tooth
Depths:4: evilmike_silver_temple, layout_basic, pf_hell_entry_great_geh,
          abyss_entry_glasseish, kennysheep_crisscross, water_maze_lemuel,
          uniq_mennas
Depths:5: evilmike_zot_entry_round, layout_gridlike, serial_shops,
          bzr_entry_water, grunt_mini_vestibule, chequers_jeans,
          minmay_three_doors, uniq_frederick
Zot:1:    layout_twisted_circle
Zot:2:    layout_concentric_octagons
Zot:3:    layout_onion_interference, door_vault
Zot:4:    gammafunk_its_a_trap, layout_gridville
Zot:5:    layout_gridlike

Skill      XL: |  1  2  3  4  5  6  7  8  9 10 11 12 13 14 15 16 17 18 19 20 21 22 23 24 25 26 |
---------------+-------------------------------------------------------------------------------+-----
Short Blades   | 2 |  2.0
Fighting       | 1 2 3 5 7 8 10 11 12 13 15 16 17 18 19 20 | 20.5
Ice Magic      | 1 2 3 |  3.0
Maces & Flails | 2 4 5 |  5.6
Axes           | 2 6 9 11 13 15 17 18 19 | 19.7
Shields        | 3 6 11 13 14 15 | 15.0
Evocations     | 2 5 6 8 10 11 12 13 14 15 | 15.0
Armour         | 2 4 6 8 10 11 12 13 14 | 14.8
Dodging        | 5 6 7 8 10 | 10.0
Throwing       | 1 5 7 9 11 12 14 15 16 | 16.0
Translocations | 3 5 6 |  6.0
Spellcasting   | 5 |  5.0
Stealth        | |  3.0
Hexes          | |  3.7

Action                   |  1- 3 |  4- 6 |  7- 9 | 10-12 | 13-15 | 16-18 | 19-21 | 22-24 | 25-27 || total
-------------------------+-------+-------+-------+-------+-------+-------+-------+-------+-------++-------
Melee: Dagger            |    89 |    87 |       |       |       |       |       |       |       ||   176
       Spear             |       |    85 |    46 |       |       |       |       |       |       ||   131
       War axe           |       |       |   215 |   545 |   857 |  1207 |  1483 |   281 |       ||  4588
       Whip              |       |       |       |    16 |       |       |       |       |       ||    16
       Eveningstar       |       |       |       |    10 |    64 |    22 |       |       |       ||    96
       Demon whip        |       |       |       |       |       |       |   360 |       |       ||   360
       Broad axe         |       |       |       |       |       |       |       |  1374 |   751 ||  2125
Throw: Stone             |    44 |    53 |       |       |       |       |       |       |       ||    97
       Dart              |       |     9 |    33 |     9 |     6 |       |       |     2 |       ||    59
       Boomerang         |       |       |       |       |       |       |       |   101 |   192 ||   293
       Javelin           |       |       |       |       |       |       |       |    33 |       ||    33
 Cast: Corona            |     5 |     3 |     4 |       |       |       |       |       |       ||    12
       Ensorcelled Hiber |     6 |    41 |       |       |       |       |       |       |       ||    47
       Apportation       |       |       |       |       |       |       |       |       |    30 ||    30
Invok: Bribe Branch      |       |       |       |       |       |       |       |       |     4 ||     4
       Potion Petition   |       |       |       |       |       |       |       |       |     2 ||     2
Evoke: Wand              |       |     1 |     3 |    16 |    13 |     8 |    22 |     2 |     5 ||    70
       Lightning rod     |       |       |       |       |     6 |     5 |       |     6 |       ||    17
       Condenser vane    |       |       |       |       |     2 |     3 |     3 |     4 |     1 ||    13
       Phantom mirror    |       |       |       |       |       |       |       |       |     1 ||     1
       Tin of tremorston |       |       |       |       |       |       |       |       |     1 ||     1
  Use: Scroll            |     4 |     2 |     7 |    19 |     8 |     4 |    11 |    11 |    18 ||    84
       Potion            |       |       |       |     3 |     1 |     1 |     4 |     1 |     7 ||    17
 Stab: Sleeping          |     8 |    23 |       |       |       |       |       |       |       ||    31
       Distracted        |       |       |     2 |     2 |    12 |    10 |    15 |    14 |    13 ||    68
       Paralysed         |       |       |       |       |     2 |       |     4 |       |       ||     6
Armor: Robe              |     8 |    29 |       |       |       |       |       |       |       ||    37
       Scale mail        |       |    19 |   107 |   100 |       |       |       |       |       ||   226
       Skin              |       |       |       |    33 |       |       |       |       |       ||    33
       Pearl dragon scal |       |       |       |   218 |   148 |       |   437 |   561 |   353 ||  1717
       Chain mail        |       |       |       |       |   288 |   367 |    91 |       |       ||   746
Dodge: Dodged            |    49 |   106 |   100 |   139 |   214 |   334 |   549 |   597 |   288 ||  2376
Block: Kite shield       |       |       |    12 |   212 |   426 |   786 |  1081 |   983 |   511 ||  4011
